 Dungeon Crawl Stone Soup version 0.30-a0-1161-g0704695555 (webtiles) character file.

Game seed: 6039407819157721340

179 funkygono the Covered (level 5, -2/47 HPs)
             Began as a Minotaur Fighter on Apr 27, 2023.
             Slain by Duvessa
             ... wielding a +1 short sword of speed
              (6 damage)
             ... on level 4 of the Dungeon.
             The game lasted 00:04:49 (3007 turns).

funkygono the Covered (Minotaur Fighter)            Turns: 3007, Time: 00:04:50

Health: -2/47      AC: 14    Str: 29    XL:     5   Next: 33%
Magic:  4/4        EV:  7    Int:  5    God:
Gold:   112        SH:  4    Dex:  9    Spells: 4/4 levels left

rFire   . . .        a - +0 war axe
rCold   . . .        c - +0 buckler
rNeg    . . .        p - +0 plate armour
rPois   .            (helmet restricted)
rElec   .            b - +0 cloak
rCorr   .            k - +0 pair of gloves
SInv    .            (no boots)
Will    .....        (no amulet) Stlth
                     l - +6 ring of strength
HPRegen 0.27/turn    (no ring)
MPRegen 0.09/turn

%: no passive effects
@: no status effects
A: horns 2, retaliatory headbutt
a: no special abilities


You were on level 4 of the Dungeon.
You visited 1 branch of the dungeon, and saw 5 of its levels.

You collected 112 gold pieces.

Inventory:

Hand Weapons
 a - a +0 war axe (weapon)
Missiles
 t - a throwing net (quivered)
Armour
 b - a +0 cloak (worn)
 c - a +0 buckler (worn)
 k - a +0 pair of gloves (worn)
 p - a +0 plate armour (worn)
Jewellery
 h - an amulet of faith
 l - a +6 ring of strength (left hand)
 n - a ring of ice
 r - a +6 ring of strength
Scrolls
 f - a scroll of identify
 g - a scroll of summoning {unknown}
Potions
 d - 2 potions of might
 e - a potion of lignification
 i - 5 potions of curing
 j - a potion of brilliance
 m - a potion of invisibility {unknown}
 o - 2 potions of flight {unknown}
 q - a potion of attraction {unknown}
 s - a potion of haste {unknown}


   Skills:
 + Level 4.5 Fighting
 + Level 4.4 Axes
 + Level 4.9 Armour
 + Level 1.2 Dodging
 + Level 0.3 Stealth
 + Level 4.0 Shields


You had 4 spell levels left.
You didn't know any spells.
Your spell library was empty.

Dungeon Overview and Level Annotations

Branches:
Dungeon (5/15)
 Temple: D:4-7

Altars:
Xom

Shops:
D:1 =

Annotations:
D:4 Dowan, Duvessa


Innate Abilities, Weirdness & Mutations

You have a pair of horns on your head.
You reflexively headbutt those who attack you in melee.


Message History

Dowan smirks and points a slender finger.
Dowan hits you but does no damage.
You barely miss Dowan.
Dowan is moderately wounded.
Dowan hits you but does no damage.
You barely miss Dowan. You headbutt Dowan.
Dowan is heavily wounded.
Dowan says, "Stay away from my face!"
Dowan hits you but does no damage. Dowan hits you with a +0 dagger.
You closely miss Dowan.
Dowan is heavily wounded.
Dowan casts a spell.
Dowan blinks!
Duvessa drinks a potion.
Duvessa seems to grow stronger.
You slash Duvessa!
Duvessa is moderately wounded.
Duvessa says, "Where magic fails, the sword succeeds!"
Duvessa hits you with a +1 short sword of speed!
You block Duvessa's attack.
You slash Duvessa! Your headbutt misses Duvessa.
Duvessa is heavily wounded.
Duvessa hits you with a +1 short sword of speed!
Duvessa hits you with a +1 short sword of speed.
* * * LOW HITPOINT WARNING * * *
You hit Duvessa.
Duvessa is severely wounded.
Duvessa hits you with a +1 short sword of speed.
* * * LOW HITPOINT WARNING * * *
Duvessa hits you but does no damage.
You barely miss Dowan.
Dowan is heavily wounded.
You closely miss Duvessa. Dowan barely misses you.
Duvessa hits you but does no damage.
Duvessa hits you with a +1 short sword of speed.
* * * LOW HITPOINT WARNING * * *
You closely miss Dowan.
Dowan is heavily wounded.
You hit Duvessa. Dowan hits you but does no damage.
Duvessa hits you with a +1 short sword of speed.
You die...

#.............#
#.###.......#.# #.
####.####.# ##.##. #.#
#.. .... ... ### #+#
##.## ##.## ...## ##...##
# #.# # ....##
##.....##.##.# .# ##
.....## ###.....@.#.....
#.
......###......e.e.###.#.
#..
.........................
+..
......###........#####.#.
#.. ......# #.......##
##. ....#.# ####...## ##
...##.# #..## #
#'###.######.<# #.#
#.........#


You could see Duvessa (strong) and Dowan.

Vanquished Creatures
  A jelly (D:4)
  4 gnolls (D:4)
  5 adders
  A dart slug (D:3)
  An orc (D:3)
  4 ball pythons
  3 bats
  8 endoplasms
  2 giant cockroaches (D:2)
  4 goblins
  4 hobgoblins
  7 kobolds
  6 quokkas
  3 frilled lizards
  10 rats
63 creatures vanquished.

Notes
Turn   | Place    | Note
-------+----------+-------------------------------------------
     0 | D:1      | funkygono the Minotaur Fighter began the quest for the Orb.
     0 | D:1      | Reached XP level 1. HP: 19/19 MP: 0/0
   232 | D:1      | Reached XP level 2. HP: 25/27 MP: 1/1
   390 | D:1      | Found Rochups's Jewellery Shop.
   816 | D:2      | Reached XP level 3. HP: 32/33 MP: 2/2
  1168 | D:2      | Reached skill level 1 in Dodging
  1568 | D:3      | You fall into a shaft and drop 2 floors!
  1568 | D:5      | Entered Level 5 of the Dungeon
  1683 | D:3      | Reached XP level 4. HP: 40/40 MP: 3/3
  2740 | D:4      | Found a shimmering altar of Xom.
  2926 | D:4      | Reached XP level 5. HP: 44/46 MP: 4/4
  2995 | D:4      | Noticed Dowan
  2995 | D:4      | Noticed Duvessa
  3007 | D:4      | Slain by Duvessa

Illustrated notes

Levels and vault maps discovered:
D:1:      dpeg_arrival_castle, layout_loops_ring, serial_shops,
          nicolae_shop_advertising_works [nicolae_subvault_shop_adworks],
          minmay_statues_item
D:2:      minmay_general_purpose_star, layout_basic
D:3:      layout_basic
D:4:      layout_loops_corners, mainiacjoe_overflow_brackets, uniq_duvessa
D:5:      nicolae_cairo_tiling, layout_rooms, marbit_many_paths, tso_metal_star,
          lemuel_doored_altar, mainiacjoe_overflow_divided_tiny, serial_curves,
          eino_curves_01, eino_curves_03, eino_curves_03

Skill      XL: |  1  2  3  4 |
---------------+-------------+-----
Fighting       | 4 |  4.5
Armour         | 4 |  4.9
Axes           | 3 4 |  4.4
Dodging        | 1 |  1.2
Shields        | 4 |  4.0
Stealth        | |  0.3

Action                     |  1- 3 |  4- 6 || total
---------------------------+-------+-------++-------
  Melee: War axe           |    68 |    63 ||   131
         Headbutt          |     6 |     8 ||    14
    Use: Scroll            |     4 |     5 ||     9
 Armour: Chain mail        |    36 |       ||    36
         Scale mail        |     1 |       ||     1
         Plate armour      |       |    47 ||    47
  Dodge: Dodged            |    26 |    16 ||    42
  Block: Buckler           |    17 |     7 ||    24

Table legend: (Time is in decaauts)
 A = Elapsed time spent in this place.
 B = Non-inter-level travel time spent in this place.
 C = Inter-level travel time spent in this place.
 D = Time resting spent in this place.
 E = Time spent auto-exploring this place.
 F = Levels seen in this place.
 G = Mean time per level.
                   A        B        C        D        E       F      G
               +--------+--------+--------+--------+--------+-----+--------+
         Total |   3053 |   2993 |     60 |     40 |   2396 |   5 |  610.6 |
       Dungeon |   3053 |   2993 |     60 |     40 |   2396 |   5 |  610.6 |
               +--------+--------+--------+--------+--------+-----+--------+

Top non-repeatable levels by time:
     D:3: 966 daAuts
     D:1: 827 daAuts
     D:2: 764 daAuts
     D:4: 443 daAuts
     D:5: 50 daAuts
